 Dungeon Crawl Stone Soup version 0.27-a0-1374-gc14e5d3922 (webtiles) character file.

Game seed: 9508493411595426831

59 Nattfarinn the Skirmisher (level 4, -4/48 HPs)
             Began as an Ogre Warper on June 29, 2021.
             Slain by an iguana (10 damage)
             ... on level 2 of the Dungeon.
             The game lasted 00:01:33 (1795 turns).

Nattfarinn the Skirmisher (Ogre Warper)             Turns: 1795, Time: 00:01:34

Health: -4/48      AC:  3    Str: 16    XL:     4   Next: 3%
Magic:  7/7        EV:  9    Int: 14    God:
Gold:   30         SH:  0    Dex:  8    Spells: 7/7 levels left

rFire    . . .     SeeInvis .   a - +0 mace
rCold    . . .     Faith    .   (no shield)
rNeg     . . .     Spirit   .   b - +0 robe
rPois    .         Reflect  .   (helmet restricted)
rElec    .         Harm     .   (no cloak)
rCorr    .         Rampage  .   (gloves unavailable)
Will     .....                  (boots unavailable)
Stlth    +.........             (no amulet)
HPRegen  0.16/turn              (no ring)
MPRegen  0.10/turn              (no ring)

@: no status effects
A: large, unfitting armour, tough skin 1
a: no special abilities


You were on level 2 of the Dungeon.
You visited 1 branch of the dungeon, and saw 2 of its levels.

You collected 30 gold pieces.

Inventory:

Hand Weapons
 a - a +0 mace (weapon)
Missiles
 d - 5 boomerangs of dispersal (quivered)
Armour
 b - a +0 robe (worn)
Scrolls
 c - a scroll of blinking
 e - 2 scrolls of teleportation {unknown}
 f - a scroll of identify {unknown}
 g - a scroll of fog {unknown}
Potions
 h - a potion of degeneration {unknown}


   Skills:
 + Level 3.8 Fighting
 * Level 3.3 Maces & Flails
 - Level 1.0 Throwing
 - Level 2.1 Dodging
 - Level 2.4 Spellcasting
 - Level 2.6 Translocations


You had 7 spell levels left.
You didn't know any spells.
Your spell library contained the following spells:

 Spells                   Type           Power      Damage    Failure   Level
 Blink                    Tloc           N/A        N/A       12%         2
 Gell's Gravitas          Tloc           4%         N/A       22%         3
 Lesser Beckoning         Tloc           4%         N/A       22%         3
 Teleport Other           Tloc           9%         N/A       22%         3
 Manifold Assault         Tloc           9%         N/A       91%         5


Dungeon Overview and Level Annotations

Branches:
Dungeon (2/15)

Altars:


Innate Abilities, Weirdness & Mutations

You are too large for most types of armour.
You have tough skin. (AC +1)


Message History

An adder is nearby!
An iguana and an endoplasm come into view.
The iguana hisses angrily.
Found a fuming amethyst potion.
Found a faded altar of an unknown god.
Unknown command.
The adder barely misses you. The adder closely misses you. The adder bites you.
You hit the adder but do no damage. The adder barely misses you.
The adder bites you.
You sock the adder!
The adder is severely wounded.
The adder bites you.
You are poisoned.
The adder poisons you! The adder bites you.
You sock the adder!
You kill the adder!
You feel sick. The iguana bites you.
You have reached level 4!
You hit the iguana but do no damage.
You feel sick. The iguana bites you!
You hit the iguana but do no damage.
You feel sick. The iguana barely misses you.
You hit the iguana but do no damage.
You feel sick. The iguana bites you.
* * * LOW HITPOINT WARNING * * *
You hit the iguana.
The iguana is heavily wounded.
You feel sick.
You are no longer poisoned.
The iguana bites you.
* * * LOW HITPOINT WARNING * * *
The iguana completely misses you.
Unknown command.
You hit the iguana but do no damage.
The iguana is heavily wounded.
The iguana bites you.
* * * LOW HITPOINT WARNING * * *
You thump the iguana!
The iguana is almost dead.
The iguana bites you!
You die...

########################
........................
#######.################
#.# #.# #.# # #@#######
#.. #l#.....#
#.._.##.#.....#
....^.........#
#######.#.....# ##
#.#.....# #. #.#.....#
#. #.#..(..# #.
#.#.....# #.


You could see an iguana.

Vanquished Creatures
  3 adders (D:2)
  2 dart slugs
  3 ball pythons
  2 bats
  An endoplasm (D:1)
  3 giant cockroaches (D:1)
  A hobgoblin (D:2)
  A jackal (D:2)
  A quokka (D:1)
  2 frilled lizards (D:1)
  3 goblins (D:1)
  2 kobolds (D:1)
  7 rats (D:1)
31 creatures vanquished.

Notes
Turn   | Place    | Note
-------+----------+-------------------------------------------
     0 | D:1      | Nattfarinn the Ogre Warper began the quest for the Orb.
     0 | D:1      | Reached XP level 1. HP: 22/22 MP: 3/3
   347 | D:1      | Reached XP level 2. HP: 14/31 MP: 5/5
   886 | D:1      | Reached XP level 3. HP: 30/37 MP: 6/6
  1781 | D:2      | Found a faded altar of an unknown god.
  1790 | D:2      | Reached XP level 4. HP: 30/48 MP: 7/7
  1795 | D:2      | Slain by an iguana

Illustrated notes

Levels and vault maps discovered:
D:1:      lemuel_arrival_behind_the_door_small, layout_loops_cross,
          minmay_tromino_v4_b
D:2:      layout_basic, ebering_ecumenical_altar_webs, st_stairs_6

Skill      XL: |  1  2  3 |
---------------+----------+-----
Maces & Flails | 2 3 |  3.3
Fighting       | 3 |  3.8
Throwing       | |  1.0
Dodging        | |  2.1
Spellcasting   | |  2.4
Translocations | |  2.6

Action                   |  1- 3 |  4- 6 || total
-------------------------+-------+-------++-------
Melee: Mace              |    96 |     6 ||   102
Armor: Robe              |    58 |       ||    58
Dodge: Dodged            |    45 |     2 ||    47

Table legend: (Time is in decaauts)
 A = Elapsed time spent in this place.
 B = Non-inter-level travel time spent in this place.
 C = Inter-level travel time spent in this place.
 D = Time resting spent in this place.
 E = Time spent auto-exploring this place.
 F = Levels seen in this place.
 G = Mean time per level.
                   A        B        C        D        E       F      G
               +--------+--------+--------+--------+--------+-----+--------+
         Total |   1823 |   1809 |     14 |    706 |    889 |   2 |  911.5 |
       Dungeon |   1823 |   1809 |     14 |    706 |    889 |   2 |  911.5 |
               +--------+--------+--------+--------+--------+-----+--------+

Top non-repeatable levels by time:
     D:1: 1196 daAuts
     D:2: 626 daAuts
